Map: Jagannatha LE

Players

Drift - Winner!

  • Race: Terran Terran
  • League: Master
  • Spawn Location: 1:00

A.I. 1 (Very Easy)

  • Race: Protoss Protoss
  • Spawn Location: 7:00

VOD

Have the link to the VOD?

Description

Time

  • Played on: Oct. 18, 2020, 11:50 a.m.
  • Length: 9:50
Show
View Real Time Build Order
Export as new Build Order

Drift Terran - Winner!

Build Orders: Reaper Expand 

Get SALT Encoding   

  12  0:00  SCV  
  13  0:12  SCV  
  14  0:17  Supply Depot  
  14  0:24  SCV  
  15  0:38  SCV  
  15  0:40  Barracks  
  16  0:44  Refinery  
  16  0:51  SCV  
  17  1:03  SCV  
  18  1:15  SCV  
  19  1:26  Reaper  
  19  1:27  Orbital Command  
  20  1:41  Command Center  
  20  1:52  Supply Depot  
  20  1:53  SCV  
  21  1:59  Barracks Reactor  
  21  2:05  SCV  
  22  2:10  Barracks  
  22  2:17  SCV  
  22  2:22  Barracks  
  24  2:30  SCV  
  24  2:35  Marine x2  
  26  2:42  SCV  
  27  2:53  Marine x2  
  27  2:54  Orbital Command, SCV  
  27  2:58  Barracks Tech Lab  
  30  3:06  SCV  
  30  3:10  Barracks Tech Lab  
  30  3:11  Marine x2  
  33  3:17  Supply Depot  
  33  3:18  SCV  
  33  3:19  Marauder  
  36  3:21  SCV  
  36  3:23  Stimpack  
  37  3:28  Marine  
  37  3:29  Marine, Marauder  
  37  3:31  SCV  
  37  3:33  SCV  
  37  3:34  Combat Shield  
  43  3:41  Supply Depot  
  43  3:45  SCV x2, Marauder  
  43  3:47  Marine x2  
  49  3:54  Marauder  
  51  3:58  SCV x2  
  53  4:04  Supply Depot  
  53  4:05  Marine x2  
  53  4:06  Marauder  
  57  4:10  Supply Depot, SCV  
  57  4:15  Marauder  
  60  4:18  SCV  
  60  4:20  Refinery  
  60  4:23  Marine, Refinery  
  62  4:25  Marine, SCV  
  62  4:27  Engineering Bay  
  62  4:29  Marauder  
  66  4:34  Supply Depot, SCV  
  66  4:38  Supply Depot  
  67  4:41  Marauder  
  67  4:43  Marine x2  
  71  4:49  SCV x2  
  73  4:54  Marauder  
  75  5:01  Marine x2, SCV x2  
  75  5:02  Factory  
  75  5:06  Marauder  
  81  5:09  Supply Depot  
  81  5:13  SCV  
  82  5:20  Marine x2  
  84  5:21  Marauder  
  84  5:22  SCV  
  84  5:24  Terran Infantry Weapons Level 1  
  84  5:25  SCV  
  90  5:28  Marauder  
  90  5:42  Command Center  
  90  5:46  Marine  
  90  5:47  Marine, Marauder  
  90  5:49  Starport  
  94  5:50  Factory Reactor  
  94  5:51  SCV  
  94  5:52  SCV  
  94  5:56  Supply Depot  
  96  5:57  Marauder  
  96  6:02  Supply Depot  
  96  6:03  Marine  
  99  6:07  SCV  
  99  6:08  SCV  
  99  6:10  Marine  
  102  6:12  Concussive Shells  
  104  6:18  Marauder  
  104  6:19  Supply Depot  
  104  6:20  SCV  
  105  6:26  Supply Depot  
  105  6:31  SCV  
  106  6:36  SCV  
  106  6:37  Factory Reactor  
  106  6:38  Marine  
  106  6:39  Marauder  
  110  6:41  Medivac x2, Barracks  
  110  6:42  Barracks  
  110  6:43  SCV  
  115  6:48  SCV  
  115  6:50  Marine  
  115  6:51  Marauder  
  115  6:53  Refinery  
  119  6:55  SCV  
  119  6:56  Orbital Command  
  119  6:57  Marine  
  119  7:00  SCV  
  119  7:01  Supply Depot  
  122  7:03  Marine  
  122  7:06  Supply Depot  
  123  7:08  Marine  
  123  7:10  SCV  
  123  7:12  SCV  
  123  7:14  Medivac, Refinery  
  128  7:15  Refinery  
  128  7:16  Medivac  
  128  7:18  Terran Infantry Armor Level 1, Widow Mine  
  128  7:21  Marine  
  128  7:22  Marauder  
  135  7:23  SCV  
  135  7:24  Marauder  
  135  7:25  SCV  
  135  7:26  SCV  
  135  7:27  Marine  
  135  7:29  Widow Mine  
  143  7:30  Barracks Tech Lab  
  143  7:32  Barracks Reactor  
  143  7:35  SCV  
  143  7:36  Supply Depot  
  144  7:37  Supply Depot  
  144  7:39  Marine  
  144  7:43  SCV  
  146  7:45  Marine, SCV  
  146  7:46  Marine, Marauder  
  146  7:48  Widow Mine  
  146  7:49  Medivac  
  155  7:53  Medivac  
  155  7:54  SCV  
  155  7:55  SCV  
  155  7:58  SCV  
  160  7:59  Marine, Marauder  
  160  8:04  Marauder  
  165  8:06  SCV  
  165  8:11  Command Center  
  166  8:17  Supply Depot  
  166  8:19  Viking  
  168  8:20  Supply Depot  
  168  8:23  Viking  
  170  8:27  Armory  
  170  8:29  Engineering Bay, SCV x3  
  173  8:37  Ghost Academy  
  173  8:41  SCV  
  174  8:42  Barracks  
  174  8:43  Barracks  
  174  8:46  Barracks, SCV x2  
  176  8:52  Viking  
  176  8:53  Viking  
  180  9:06  Supply Depot  
  188  9:36  Unknown x2  
  188  9:37  Unknown  
Show
View Real Time Build Order
Export as new Build Order

A.I. 1 (Very Easy) Protoss 

Build Orders:  

Get SALT Encoding   

  12  0:00  Probe  
  13  0:13  Probe  
  14  0:20  Pylon  
  14  0:37  Assimilator  
  14  0:43  Gateway  
  14  0:46  Pylon  
  14  1:16  Probe  
  14  1:24  Probe  
  15  1:32  Probe, Cybernetics Core  
  17  1:42  Probe  
  18  1:55  Probe  
  18  1:59  Warp Gate  
  19  2:03  Probe  
  20  2:10  Stalker  
  22  4:43  Probe  
  22  4:48  Assimilator, Zealot  
  22  4:51  Pylon  
  22  4:52  Probe  
  25  4:54  Robotics Facility  
  26  5:02  Probe  
  27  5:11  Probe  
  28  5:19  Probe  
  26  5:23  Zealot  
  26  5:25  Pylon  
  26  5:28  Probe  
  26  5:45  Robotics Facility  
  26  5:46  Pylon  
Tags
 
League
Master
Matchup
PvT
Spawn Locations
Cross Positions
Add a new tag
Caveats
  • Supply blocks, unpowered buildings, or Contaminate may cause inaccurate times.
  • Supply counts are checked every 10 seconds.